 Dungeon Crawl Stone Soup version 0.25-a0-578-gc91f01c39c (webtiles) character file.

Game seed: 5554702365602137120, levelgen mode: classic

95909 EnegeticOcto the Champion of Chaos (level 15, 0/146 HPs)
             Began as a Deep Dwarf Fighter on Mar 4, 2020.
             Was the Champion of Makhleb.
             Slain by a harpy (4 damage)
             ... on level 2 of the Shoals.
             The game lasted 00:11:03 (11246 turns).

EnegeticOcto the Champion of Chaos (DDFi)          Turns: 11246, Time: 00:11:04

Health: 0/146      AC: 17    Str: 23 (24) XL:     15   Next: 30%
Magic:  11/11      EV:  6    Int:  6 (7)  God:    Makhleb [******]
Gold:   525        SH:  0    Dex: 10 (12) Spells: 14/14 levels left

rFire    + + .     SeeInvis .   r - +7 war axe (flame)
rCold    . . .     Gourm    .   w - +10 tower shield of Ignorance {rN+ Int-4}
rNeg     + + .     Faith    .   D - +2 chain mail {rF+}
rPois    .         Spirit   .   (no helmet)
rElec    .         Reflect  .   (no cloak)
rCorr    +         Harm     .   (no gloves)
MR       ++...                  z - +2 pair of boots {run}
Stlth    ..........             (no amulet)
HPRegen  0.00/turn              l - ring of protection from fire
MPRegen  0.12/turn              o - ring of resist corrosion

@: confused, marked, mesmerised, non-regenerating, very slow
A: damage resistance, heal wounds, negative energy resistance 1, sense
surroundings 2, no regeneration
}: 1/15 runes: serpentine
a: Heal Wounds, Minor Destruction, Lesser Servant of Makhleb, Major Destruction,
Greater Servant of Makhleb, Renounce Religion


You were on level 2 of the Shoals.
You worshipped Makhleb.
Makhleb was exalted by your worship.
You were not hungry.

You visited 5 branches of the dungeon, and saw 23 of its levels.
You also visited: Volcano.

You collected 1327 gold pieces.
You spent 802 gold pieces at shops.

Inventory:

Hand Weapons
 r - a +7 war axe of flaming (weapon)
Missiles
 g - 3 throwing nets (quivered)
Armour
 f - the +1 hat "Waocley" {-Tele MR+++ rCorr Slay-2}
   (You found it on level 9 of the Dungeon)

   It affects your accuracy and damage with ranged weapons and melee attacks
   (-2).
   It affects your resistance to hostile enchantments.
   It prevents most forms of teleportation.
   It provides partial protection from all sources of acid and corrosion.
   If you switch to wearing this armour, your AC will increase by 1 (17 -> 18).
 s - +0 swamp dragon scales
 w - the +10 tower shield of Ignorance (worn) {rN+ Int-4}
   (You bought it in a shop on level 4 of the Dungeon)

   It affects your intelligence (-4).
   It protects you from negative energy.
 z - a +2 pair of boots of running (worn)
 D - a +2 chain mail of fire resistance (worn)
Jewellery
 l - a ring of protection from fire (left hand)
 o - a ring of resist corrosion (right hand)
Wands
 q - a wand of digging (6) {@v2}
 A - a wand of acid (15) {@v1}
 H - a wand of iceblast (10)
Scrolls
 a - 4 scrolls of identify {@r1}
 c - a scroll of enchant armour
 d - 2 scrolls of fog
 i - a scroll of fear
 t - 3 scrolls of remove curse {@r6}
 u - a scroll of magic mapping {@r5}
 C - a scroll of summoning
 E - 5 scrolls of teleportation {@r2}
 F - a scroll of blinking {@r3}
Potions
 b - 3 potions of cancellation
 h - 4 potions of magic
 j - 5 potions of stabbing {@q5}
 k - 4 potions of might {@q3}
 m - a potion of resistance {@q6}
 n - 2 potions of haste {@q4}
 p - a potion of flight
 x - a potion of lignification {@q7}
Comestibles
 e - 21 rations
 G - 12 chunks of flesh


   Skills:
 * Level 12.5 Fighting
 * Level 14.3 Axes
 + Level 10.9 Armour
 * Level 14.3 Shields
 * Level 15.3 Invocations


You had 14 spell levels left.
You didn't know any spells.
Your spell library was empty.

Dungeon Overview and Level Annotations

Branches:
Dungeon (11/15)            Temple (1/1) D:6            Lair (5/6) D:10
 Shoals (2/4) Lair:3        Snake (4/4) Lair:3        Slime (0/5) Lair:5
Volcano (visited)
    Orc: D:9-12

Altars:
Ashenzari
Cheibriados
Dithmenos
Elyvilon
Fedhas
Gozag
Hepliaklqana
Kikubaaqudgha
Makhleb
Nemelex Xobeh
Qazlal
Ru
Trog
Uskayaw
Vehumet
Wu Jian
Xom
Yredelemnul
Zin
The Shining One

Shops:
D:4 [   D:5 [   Shoals:2 %

Annotations:
D:11 4 runed translucent doors
Lair:2 2 runed translucent doors, sixsigma's ghost, journeyman GnWz


Innate Abilities, Weirdness & Mutations

You are resistant to damage.
You can heal yourself by infusing magical energy.
You resist negative energy. (rN+)
You passively map the area around you.
You do not regenerate.


Message History

You block the harpy's attack. x3; The harpy claws you.
The harpy claws you!
The harpy claws you. x2; You block the harpy's attack.
The harpy claws you! The harpy claws you but does no damage.
The merfolk siren chants its luring song.
The snapping turtle bites you but does no damage.
The harpy barely misses you.
The harpy claws you but does no damage. x3
The faun shoots a stone.
You block the stone.
You slice the harpy!! You burn the harpy.
You kill the harpy!
Makhleb accepts your kill.
You slash the snapping turtle! You burn the snapping turtle!
Your shield and chain mail prevent you from hitting the harpy.
You barely miss the harpy. You block the harpy's attack. x3
The harpy claws you but does no damage. x3
The merfolk siren chants its luring song.
The faun shoots a stone.
The stone hits you! The stone freezes you.
You hear a splash.
You block the snapping turtle's attack. The harpy claws you!
You block the harpy's attack.
You hit the snapping turtle. You burn the snapping turtle.
The snapping turtle is almost dead.
You slash the harpy! You burn the harpy. You slash the harpy!
You burn the harpy. The harpy claws you. You block the harpy's attack. x2
The harpy closely misses you. The harpy claws you!
You block the harpy's attack.
The faun shoots a stone.
The stone hits you!
You hear a splash.
The merfolk siren chants its luring song.
The faun points at you and mumbles some strange words.
You are confused.
The harpy claws you but does no damage. x2; The snapping turtle bites you!
You are too injured to fight recklessly!
You are too injured to fight recklessly!
You are too injured to fight recklessly!
You are too injured to fight recklessly!
You are too injured to fight recklessly!
You are too injured to fight recklessly!
You are too injured to fight recklessly!
You're too confused!
You're too confused!
Okay, then.
You feel much better.
You float gracefully downwards.
Splash!
You fall into the shallow water.
Moving in this stuff is going to be slow.
The harpy screeches!
The harpy claws you but does no damage. x4; The harpy claws you!
The harpy claws you. x2; The harpy claws you but does no damage.
The faun shoots a stone.
The stone hits you.
You hear a splash.
The harpy claws you. x2; The faun unwields a +0 quarterstaff.
The faun wields a +0 hunting sling.
The faun shoots a sling bullet.
The sling bullet hits you but does no damage.
You hear a splash.
The merfolk siren chants its luring song.
The snapping turtle bites you but does no damage.
The harpy screeches!
The harpy claws you but does no damage. The harpy claws you!
The harpy completely misses you. The harpy claws you.
The harpy claws you but does no damage. x2
A merfolk comes into view. It is wielding a +0 trident.
The harpy closely misses you. The harpy claws you but does no damage.
The faun shoots a stone.
The stone hits you but does no damage.
You hear a splash.
The faun shoots a stone.
The stone hits you. The stone freezes you.
The merfolk siren chants its luring song.
The harpy claws you! The harpy barely misses you.
The snapping turtle barely misses you.
Okay, then.
It was a potion of degeneration.
There was something very wrong with that liquid.
You feel weakened.
You feel dopey.
You feel clumsy.
The harpy screeches!
The harpy claws you!
* * * LOW HITPOINT WARNING * * *
The harpy claws you.
The harpy claws you but does no damage. x3
The harpy claws you!
* * * LOW HITPOINT WARNING * * *
The faun shoots a sling bullet.
The sling bullet hits you.
You hear a splash.
The faun shoots a sling bullet.
The sling bullet hits you!
* * * LOW HITPOINT WARNING * * *
You hear a splash.
The harpy claws you!
* * * LOW HITPOINT WARNING * * *
The harpy barely misses you.
The faun shoots a stone.
The stone hits you!
* * * LOW HITPOINT WARNING * * *
You hear a splash.
The harpy completely misses you. The harpy claws you.
The merfolk siren chants its luring song.
The snapping turtle bites you!
* * * LOW HITPOINT WARNING * * *
Okay, then.
Okay, then.
You're too confused!
You hit the snapping turtle but do no damage.
The snapping turtle is almost dead.
You slice the faun!! You burn the faun. You slash the harpy!
You burn the harpy. You closely miss the harpy.
The harpy claws you but does no damage. x2; The harpy claws you.
You die...

≈ ≈≈≈≈≈≈≈≈≈≈≈≈≈≈≈≈≈≈≈≈≈≈≈≈
≈ ≈≈≈≈≈≈≈≈≈≈≈≈≈≈≈≈≈≈≈≈≈≈≈≈
≈≈≈≈≈≈≈≈≈≈≈.≈≈≈≈≈≈≈≈≈≈≈≈
≈≈≈
≈≈≈≈≈≈≈≈≈≈≈...≈≈≈≈≈≈≈≈≈≈≈
≈≈
≈≈≈≈≈≈≈≈≈≈≈.#.≈≈≈≈≈≈≈≈≈≈≈
≈
≈≈≈≈≈≈≈≈≈≈≈≈.#...≈≈≈≈≈≈≈≈≈
≈
≈≈≈≈≈≈≈≈≈≈≈.......≈≈≈≈≈≈≈
≈≈≈≈≈cHH)≈≈≈##..≈≈.≈≈≈≈≈
,≈ ≈
≈≈≈≈≈≈c@≈≈≈≈....≈≈≈...≈≈
≈≈
.≈≈c≈≈(t≈≈≈≈≈≈≈≈≈≈.##..≈ ≈
..≈≈≈≈≈≈≈.≈≈≈≈≈≈≈≈.###.. ≈
≈ ≈ ..c....≈≈..≈....≈.##
##. ≈ ,
##......≈≈...≈≈≈..# #. ,
#..≈.(≈...#..≈≈≈≈.# ## ≈
*.m.≈≈≈≈≈.###.≈m.≈.# #
..≈≈≈≈≈≈≈###.≈≈.≈.## #
.....≈≈≈..####


You could see a snapping turtle, a merfolk, 4 fauns, a merfolk siren and 2
harpies.

Vanquished Creatures
  4 nagarajas (Snake:4)
  Fannar (D:11)
  7 naga warriors
  2 hydras
  A death knight (D:11)
  2 merfolk avatars (Shoals:2)
  A catoblepas (Shoals:2)
  6 anacondas
  4 two-headed ogres
  Urug (D:11)
  2 death yaks (Shoals:2)
  13 naga sharpshooters
  3 salamander mystics
  A sea snake (Shoals:2)
  4 naga ritualists
  A harpy (Shoals:2)
  An orc knight (D:11)
  5 mana vipers
  An orc sorcerer (D:9)
  3 manticores
  A deep elf mage (D:11)
  5 salamanders
  7 guardian serpents (Snake:4)
  6 elephants (Lair:5)
  9 naga magi (Snake:4)
  12 black mambas
  3 komodo dragons
  10 spiny frogs
  Maggie (D:8)
  A rime drake (Lair:5)
  A troll (D:10)
  4 polar bears
  2 merfolk (Shoals:2)
  10 blink frogs
  6 hippogriffs
  3 snapping turtles
  Sigmund (D:3)
  A spriggan (D:7)
  33 yaks
  2 water elementals (Shoals:2)
  A basilisk (Lair:4)
  A fire bat (Volcano)
  A hungry ghost (D:7)
  30 nagas
  An acid dragon (D:11)
  13 water moccasins
  8 porcupines
  2 hell hounds (Volcano)
  6 orc warriors
  An ice beast (D:7)
  2 sky beasts
  2 phantoms
  10 wolves
  9 centaurs
  4 crocodiles
  6 ogres
  A necrophage (D:10)
  2 big kobolds
  15 bullfrogs
  2 scorpions
  8 killer bees
  7 electric eels
  5 howler monkeys
  4 crimson imps
  3 bullfrog zombies
  A centaur zombie (D:10)
  2 quasits (D:9)
  6 orc priests
  6 hounds
  2 jellies
  10 orc wizards
  2 centaur skeletons
  A bullfrog skeleton (D:5)
  5 iguanas
  12 worker ants
  5 hell rats (Lair:5)
  2 hound zombies
  A hound skeleton (D:4)
  A howler monkey zombie (D:4)
  6 gnolls
  15 adders
  A shadow imp (D:10)
  An adder skeleton (D:6)
  A worm (D:5)
  2 dart slugs
  10 leopard geckos
  50 orcs
  4 giant cockroaches
  4 goblins
  3 hobgoblins
  10 jackals
  A bat (D:2)
  A frilled lizard (D:4)
  A jackal zombie (D:7)
  12 kobolds
  A quokka skeleton (D:5)
  A quokka zombie (D:6)
  2 rats
  2 plants
509 creatures vanquished.

Vanquished Creatures (collateral kills)
  Polyphemus (Shoals:2)
  An anaconda (Snake:4)
  An alligator snapping turtle (Shoals:2)
  A merfolk aquamancer (Shoals:2)
  A death yak (Shoals:2)
  A naga sharpshooter (Snake:4)
  A salamander mystic (Snake:4)
  A sea snake (Shoals:2)
  A black mamba (Snake:4)
  2 merfolk (Shoals:2)
  A water elemental (Shoals:2)
  2 nagas (Snake:4)
14 creatures vanquished.

Vanquished Creatures (others)
  A killer bee (D:11)
  2 plants
3 creatures vanquished.

Grand Total: 526 creatures vanquished

Notes
Turn   | Place    | Note
-------+----------+-------------------------------------------
     0 | D:1      | EnegeticOcto the Deep Dwarf Fighter began the quest for the
                  | Orb.
     0 | D:1      | Reached XP level 1. HP: 20/20 MP: 1/1
   127 | D:1      | Reached XP level 2. HP: 25/27 MP: 2/2
   199 | D:3      | Found a shattered altar of Ashenzari.
   199 | D:3      | Found a basalt altar of Yredelemnul.
   200 | D:3      | Found a hide-covered altar of Uskayaw.
   224 | D:3      | Reached XP level 3. HP: 26/34 MP: 3/3
   296 | D:3      | Noticed Sigmund
   332 | D:3      | Killed Sigmund
   332 | D:3      | Reached XP level 4. HP: 35/44 MP: 4/4
   332 | D:3      | Reached XP level 5. HP: 39/50 MP: 5/5
   344 | D:3      | Found a shadowy altar of Dithmenos.
   346 | D:3      | Found a glowing silver altar of Zin.
   473 | D:4      | Identified a +2 pair of boots of running (You found it on
                  | level 4 of the Dungeon)
   499 | D:4      | Found Detigoogai's Armour Shop.
   504 | D:4      | Noticed a phantom
   554 | D:4      | Killed a phantom
   554 | D:4      | Reached XP level 6. HP: 40/57 MP: 6/6
   623 | D:4      | Found an ornate altar of the Wu Jian Council.
   655 | D:4      | Found a sacrificial altar of Ru.
   866 | D:4      | Found a shimmering altar of Xom.
  1340 | D:4      | Reached skill level 5 in Axes
  1340 | D:4      | Reached XP level 7. HP: 50/66 MP: 7/7
  1391 | D:5      | Entered Level 5 of the Dungeon
  1391 | D:5      | Found Usozel's Antique Armour Emporium.
  1446 | D:5      | Reached skill level 5 in Shields
  1495 | D:5      | Reached skill level 5 in Fighting
  1621 | D:5      | Reached skill level 5 in Armour
  1662 | D:5      | Reached XP level 8. HP: 63/75 MP: 7/7
  2239 | D:6      | Found a staircase to the Ecumenical Temple.
  2290 | Temple   | Entered the Ecumenical Temple
  2445 | Temple   | Became a worshipper of Makhleb the Destroyer
  2502 | D:6      | Reached skill level 1 in Invocations
  2507 | D:6      | Reached skill level 2 in Invocations
  3123 | D:7      | Reached skill level 3 in Invocations
  3142 | D:7      | Reached * piety under Makhleb
  3270 | D:7      | Gained mutation: You passively map the area around you.
                  | [Deep Dwarf growth]
  3270 | D:7      | Reached XP level 9. HP: 65/82 MP: 9/9
  3381 | D:7      | Reached skill level 4 in Invocations
  3783 | D:8      | Noticed Maggie
  3804 | D:8      | Killed Maggie
  3831 | D:8      | Reached skill level 5 in Invocations
  4151 | D:9      | Reached ** piety under Makhleb
  4185 | D:9      | Reached skill level 6 in Invocations
  4231 | D:9      | Noticed an orc sorcerer
  4237 | D:9      | Noticed an orange demon
  4245 | D:9      | Paralysed by an orc sorcerer for 5 turns
  4252 | D:9      | Killed an orc sorcerer
  4252 | D:9      | Reached XP level 10. HP: 84/94 MP: 9/9
  4454 | D:9      | Reached skill level 7 in Invocations
  4482 | D:9      | Noticed a two-headed ogre
  4489 | D:9      | Killed a two-headed ogre
  4622 | D:9      | Noticed a two-headed ogre
  4636 | D:9      | Killed a two-headed ogre
  4636 | D:9      | Reached skill level 8 in Invocations
  4662 | D:9      | Got a warped hat
  4668 | D:9      | Identified the +1 hat "Waocley" {-Tele MR+++ rCorr Slay-2}
                  | (You found it on level 9 of the Dungeon)
  4834 | D:10     | Entered Level 10 of the Dungeon
  4855 | D:10     | Reached *** piety under Makhleb
  4863 | D:10     | Noticed a two-headed ogre
  4882 | D:10     | Killed a two-headed ogre
  4882 | D:10     | Reached XP level 11. HP: 73/104 MP: 12/12
  5111 | D:10     | Found a staircase to the Lair.
  5513 | D:10     | Reached skill level 9 in Invocations
  5592 | D:11     | Reached skill level 10 in Axes
  5594 | D:11     | Reached **** piety under Makhleb
  5675 | D:11     | Noticed a four-headed hydra
  5679 | D:11     | Reached skill level 10 in Shields
  5694 | D:11     | Killed a one-headed hydra
  5775 | D:11     | Noticed Fannar
  5818 | D:11     | Killed Fannar
  5933 | D:11     | Found a large runed translucent door.
  5933 | D:11     | Found a large runed translucent door.
  5938 | D:11     | Noticed a centaur warrior
  5972 | D:11     | Noticed an orc knight
  5985 | D:11     | Killed an orc knight
  6020 | D:11     | Found a large runed translucent door.
  6020 | D:11     | Found a large runed translucent door.
  6046 | D:11     | Noticed a deep elf mage
  6052 | D:11     | Noticed a death knight
  6055 | D:11     | Killed a deep elf mage
  6061 | D:11     | Reached skill level 10 in Invocations
  6087 | D:11     | Killed a death knight
  6340 | D:11     | Noticed Urug
  6357 | D:11     | Killed Urug
  6724 | D:4      | Bought the +10 tower shield of Ignorance {rN+ Int-4} for
                  | 802 gold pieces
  6724 | D:4      | Found the +10 tower shield of Ignorance {rN+ Int-4}
  6872 | Lair:1   | Entered Level 1 of the Lair of Beasts
  6883 | Lair:1   | Reached XP level 12. HP: 101/115 MP: 10/10
  6954 | Lair:1   | Reached ***** piety under Makhleb
  7079 | Lair:1   | Found a dark tunnel.
  7141 | Volcano  | Entered a volcano
  7162 | Volcano  | Noticed a two-headed ogre
  7177 | Volcano  | Killed a two-headed ogre
  7321 | Lair:1   | Reached skill level 11 in Invocations
  7530 | Lair:2   | Reached skill level 10 in Fighting
  7822 | Lair:2   | Noticed a five-headed hydra
  7830 | Lair:2   | Killed a one-headed hydra
  7843 | Lair:2   | Found a large runed translucent door.
  7845 | Lair:2   | Found a large runed translucent door.
  8018 | Lair:2   | Noticed sixsigma's ghost (journeyman GnWz)
  8314 | Lair:3   | Found a staircase to the Snake Pit.
  8433 | Lair:3   | Reached skill level 12 in Invocations
  8793 | Lair:3   | Found a staircase to the Shoals.
  8890 | Lair:3   | Reached XP level 13. HP: 124/124 MP: 12/12
  9586 | Lair:5   | Reached ****** piety under Makhleb
  9793 | Lair:5   | Found a staircase to the Slime Pits.
  9950 | Snake:1  | Entered Level 1 of the Snake Pit
 10111 | Snake:2  | Reached skill level 13 in Invocations
 10324 | Snake:4  | Entered Level 4 of the Snake Pit
 10382 | Snake:4  | Gained mutation: You resist negative energy. (rN+) [Deep
                  | Dwarf growth]
 10382 | Snake:4  | Reached XP level 14. HP: 85/135 MP: 11/11
 10411 | Snake:4  | Reached skill level 10 in Armour
 10568 | Snake:4  | Reached skill level 14 in Invocations
 10573 | Snake:4  | Noticed a nagaraja
 10574 | Snake:4  | Noticed a nagaraja
 10582 | Snake:4  | Killed a nagaraja
 10588 | Snake:4  | Killed a nagaraja
 10592 | Snake:4  | Noticed a nagaraja
 10600 | Snake:4  | Noticed a nagaraja
 10609 | Snake:4  | Killed a nagaraja
 10609 | Snake:4  | Reached XP level 15. HP: 116/145 MP: 13/13
 10620 | Snake:4  | Killed a nagaraja
 10631 | Snake:4  | Reached skill level 15 in Invocations
 10717 | Snake:4  | Got a serpentine rune of Zot
 10983 | Shoals:1 | Entered Level 1 of the Shoals
 11012 | Shoals:2 | Found Xieremm's Food Shoppe.
 11046 | Shoals:2 | Noticed Polyphemus
 11067 | Shoals:2 | Killed Polyphemus
 11245 | Shoals:2 | HP: 7/146 [faun/stone (9)]
 11246 | Shoals:2 | Slain by a harpy

Levels and vault maps discovered:
D:1:      dpeg_arrival_rooms_c, layout_loops_ring, nemelex_diamond_rough_becter
D:2:      layout_loops_ring, first_ration, dk_noncrumbling_2,
          grunt_decor_one_mirror, led_sif_pool, uniq_robin,
          uniq_crazy_yiuf_cottage
D:3:      layout_rooms, nicolae_overflow_hidden_temple,
          kennysheep_generic_room_15, uniq_sigmund, uniq_terence
D:4:      layout_cave_pods, lemuel_crystal_altar, lemuel_coloured_pillars_altar,
          serial_shops, shop, minivault_26, xom_redecorated
D:5:      layout_basic, serial_shops, shop_fountains
D:6:      layout_loops_ring, temple_statues
D:7:      layout_basic, the_bakery
D:8:      layout_cave_pools, minmay_microvault, uniq_maggie
D:9:      cheibrodos_wizards_tower, layout_rooms
D:10:     layout_grid_maze, erik_lair_island
D:11:     minmay_goldmine, layout_basic, minmay_misc_feat_chi,
          minmay_hollow_rounded_squares, uniq_fannar, uniq_urug
Temple:   regret_index_temple_generic_petals
Lair:1:   layout_regular_city, nicolae_volcano_entry_two_sided,
          serial_bayou_ford_a, cheibrodos_lair_lostbears
Lair:2:   layout_regular_city, ebering_ghost_disaster_area, grunt_megastairs_2,
          serial_bayou_shore_a
Lair:3:   layout_roguey, minmay_shoals_entry_hut, guppyfry_snake_entry_island
Lair:4:   layout_cave_pods, grunt_forest_stairs_basic
Lair:5:   layout_loops_ring, slime_dummy, serial_bayou_shore_b
Shoals:1: layout_shoals
Shoals:2: layout_shoals, serial_shops, shop, centaur_isle, uniq_polyphemus
Snake:1:  layout_gridlike, serial_shops, shop, st_stairs_6,
          nicolae_snake_lava_pool, uniq_asterion, uniq_aizul
Snake:2:  layout_grid_maze, uniq_jorgrun
Snake:3:  layout_grid_shapes
Snake:4:  johnstein_snake_rune_scales, layout_cave_town, serial_bayou_shore_b

Skill      XL: |  1  2  3  4  5  6  7  8  9 10 11 12 13 14 15 |
---------------+----------------------------------------------+-----
Fighting       | 3 4 5 6 7 8 9 10 11 12 | 12.5
Axes           | 4 5 7 8 9 10 11 13 14 | 14.3
Armour         | 4 5 6 7 8 9 10 | 10.9
Shields        | 4 5 7 8 9 10 11 12 14 | 14.3
Invocations    | 3 6 8 10 12 13 14 15 | 15.3

Action                   |  1- 3 |  4- 6 |  7- 9 | 10-12 | 13-15 || total
-------------------------+-------+-------+-------+-------+-------++-------
Melee: War axe           |    68 |   104 |   435 |   665 |   530 ||  1802
Invok: Greater Servant o |       |       |       |       |     6 ||     6
 Abil: Heal Wounds       |     5 |     2 |    22 |    21 |    14 ||    64
Evoke: Wand              |       |       |       |       |     6 ||     6
  Use: Scroll            |       |       |    10 |    11 |     9 ||    30
       Potion            |       |       |       |       |     6 ||     6
 Stab: Distracted        |       |       |       |       |     7 ||     7
  Eat: Chunk             |       |     1 |    11 |    15 |     4 ||    31
       Ration            |       |       |     4 |       |     2 ||     6
Armor: Scale mail        |    29 |    25 |       |       |       ||    54
       Chain mail        |       |    17 |   269 |   233 |   107 ||   626
       Swamp dragon scal |       |       |       |       |    69 ||    69
Dodge: Dodged            |    13 |    26 |   120 |   105 |    95 ||   359
Block: Kite shield       |    33 |    48 |   298 |   221 |       ||   600
       Tower shield      |       |       |       |   358 |   858 ||  1216

Table legend:
 A = Non-vault XP
 B = Vault XP
 C = Vault XP percentage of total XP
 D = Non-vault monster count
 E = Vault monster count
 F = Vault count percentage of total count
                 A         B        C        D         E       F
            +---------+---------+-------+---------+---------+-------
      Total |   67188 |   51254 |  43.3 |     395 |     126 |  24.2
            +---------+---------+-------+---------+---------+-------
        D:1 |      12 |       0 |   0.0 |       7 |       0 |   0.0
        D:2 |      19 |       0 |   0.0 |       5 |       0 |   0.0
        D:3 |      76 |     220 |  74.3 |      12 |       1 |   7.7
        D:4 |     414 |       0 |   0.0 |      16 |       0 |   0.0
        D:5 |     737 |       0 |   0.0 |      26 |       0 |   0.0
        D:6 |     841 |       0 |   0.0 |      28 |       0 |   0.0
        D:7 |     920 |     220 |  19.3 |      18 |       1 |   5.3
        D:8 |     436 |     596 |  57.8 |       8 |       2 |  20.0
        D:9 |    4774 |     543 |  10.2 |      50 |       1 |   2.0
       D:10 |    2993 |     903 |  23.2 |      35 |       8 |  18.6
       D:11 |    2680 |    5240 |  66.2 |      30 |      26 |  46.4
     Lair:1 |    2289 |     873 |  27.6 |      11 |       3 |  21.4
     Lair:2 |    7129 |     382 |   5.1 |      29 |       1 |   3.3
     Lair:3 |    3076 |     398 |  11.5 |      17 |       2 |  10.5
     Lair:4 |    3864 |       0 |   0.0 |      17 |       0 |   0.0
     Lair:5 |    6770 |       0 |   0.0 |      28 |       0 |   0.0
   Shoals:2 |    7742 |    4916 |  38.8 |      18 |       5 |  21.7
    Snake:1 |    2823 |    1097 |  28.0 |       5 |       3 |  37.5
    Snake:2 |    5386 |       0 |   0.0 |       7 |       0 |   0.0
    Snake:3 |    5213 |       0 |   0.0 |       9 |       0 |   0.0
    Snake:4 |    8994 |   33511 |  78.8 |      19 |      64 |  77.1
    Volcano |       0 |    2355 | 100.0 |       0 |       9 | 100.0
            +---------+---------+-------+---------+---------+-------
